AoeStats
← NPG | gab

Oasis

509746515Analyzed
2v2 RM · 5d ago on Sep 27, 2026· 50m 2s· 4 players
Game mode
Random Map
Map size
Medium (4 player)
Population
200
Speed
Normal
Resources
Standard
Victory
Conquest
Starting age
Dark Age
Ending age
Imperial Age
RankedLock teamsTeams togetherTeam positionsShared explorationLock speedFull tech treeHidden civsTurbo modeCheats
Victory
Defeat
🇦🇷 Saracens · Argentina
1009
+12
🇦🇷 Lithuanians · Argentina
990
+13
🇬🇧 Vietnamese · United Kingdom
952
-38
🇹🇷 Malians · Türkiye
909
-12
The Mamaduke
12:17 Feudal Age
13:34 Wheelbarrow
18:53 Double-Bit Axe
19:08 Gold Mining
19:06 Horse Collar
19:30 Padded Archer Armor
19:21 Fletching
26:42 Castle Age
26:24 Stone Mining
26:51 Crossbowman
27:37 Thumb Ring
27:53 Leather Archer Armor
27:57 Heavy Plow
28:51 Bodkin Arrow
30:02 Hand Cart
30:09 Hand Cart
32:15 Ballistics
34:00 Bow Saw
38:44 Treadmill Crane
42:48 Forging
45:48 Imperial Age
45:57 Squires
47:01 Paper Money
47:09 Paper Money
46:12 Elite Rattan Archer
46:43 Elite Fire Lancer
47:12 Arson
sevbanyagizdemirli
10:46 Feudal Age
12:06 Wheelbarrow
11:19 Double-Bit Axe
11:17 Horse Collar
13:54 Gold Mining
19:41 Castle Age
17:37 Stone Mining
20:41 Hand Cart
20:39 Bow Saw
20:38 Heavy Plow
21:33 Gold Shaft Mining
23:52 Forging
24:13 Padded Archer Armor
27:26 Stone Shaft Mining
27:46 Leather Archer Armor
27:22 Fletching
30:01 Coinage
31:18 Iron Casting
30:38 Bodkin Arrow
30:46 Scale Mail Armor
34:54 Imperial Age
34:01 Chain Mail Armor
36:11 Ring Archer Armor
36:12 Plate Mail Armor
36:47 Crop Rotation
36:18 Pikeman
36:58 Squires
40:15 Elite Gbeto
44:58 Chemistry
44:19 Ballistics
43:40 Treadmill Crane
NPG | gab
11:12 Feudal Age
15:59 Castle Age
14:53 Gold Mining
16:40 Double-Bit Axe
24:22 Wheelbarrow
23:46 Horse Collar
24:52 Bow Saw
24:34 Loom
26:51 Heavy Plow
30:00 Imperial Age
29:01 Scale Barding Armor
28:47 Fletching
29:08 Forging
28:58 Padded Archer Armor
29:44 Loom
30:15 Hand Cart
30:31 Chain Barding Armor
30:49 Ballistics
31:45 Two-Man Saw
31:25 Gold Shaft Mining
31:55 Bodkin Arrow
32:19 Elite Mameluke
33:37 Bimaristan
34:10 Plate Barding Armor
33:36 Bracer
34:29 Conscription
35:21 Chemistry
34:35 Fortified Wall
34:21 Murder Holes
35:01 Bloodlines
34:51 Husbandry
34:18 Light Cavalry
36:22 Iron Casting
35:20 Hussar
39:31 Blast Furnace
38:47 Leather Archer Armor
39:20 Hoardings
38:57 Counterweights
MarionChip
11:25 Feudal Age
19:50 Castle Age
17:38 Loom
18:26 Double-Bit Axe
18:24 Horse Collar
19:06 Bloodlines
19:38 Scale Barding Armor
21:49 Forging
25:06 Fletching
26:03 Bow Saw
26:08 Heavy Plow
26:55 Wheelbarrow
27:09 Husbandry
31:30 Gold Mining
31:30 Stone Mining
34:22 Hand Cart
34:40 Caravan
38:52 Imperial Age
37:59 Chain Barding Armor
38:14 Iron Casting
37:35 Bodkin Arrow
38:01 Town Watch
39:02 Cavalier
40:20 Plate Barding Armor
40:11 Conscription
41:04 Hoardings
41:03 Paladin
42:13 Ballistics
42:54 Chemistry
46:14 Elite Skirmisher
47:00 Thumb Ring
47:02 Padded Archer Armor
47:02 Bracer
47:20 Masonry
Connection lost

Rejoining the realm…

Still unreachable

The connection could not be restored.

Session expired

The server has moved on; the page needs a fresh start.